 Dungeon Crawl Stone Soup version 0.31-a0-564-g3b7de120b3 (webtiles) character file.

Game seed: 553612343296191731

667 lunkers the Martial Artist (level 8, 0/59 HPs)
             Began as a Meteoran Shapeshifter on Aug 15, 2023.
             Slain by an ice beast (9 damage)
             ... on level 5 of the Dungeon on Aug 17, 2023.
             The game lasted 00:06:20 (1561 turns).

lunkers the Martial Artist (Meteoran Shapeshifter)  Turns: 1561, Time: 00:06:20

Health: 0/59       AC:  5    Str: 16    XL:     8   Next: 12%
Magic:  9/9        EV: 11    Int: 10    God:
Gold:   138        SH:  0    Dex: 17    Spells: 7/7 levels left

rFire   + .          .
                       - Unarmed
rCold   . . .        (no shield)
rNeg    . . .        q - +0 ring mail
rPois   .            (helmet currently unavailable)
rElec   .            (cloak currently unavailable)
rCorr   .            (gloves currently unavailable)
SInv    .            (boots currently unavailable)
Will    ++...        (no amulet)
Stlth   +            s - ring of willpower
HPRegen 0.29/turn    v - ring of protection from fire
MPRegen 0.11/turn

%: no passive effects
@: beast-form, glowing
A: beast (slay +3), sense surroundings 1, otherworldly, glowing, explore regen
a: Begin Untransformation


You were on level 5 of the Dungeon.
You were a hulking beast.
You visited 1 branch of the dungeon, and saw 5 of its levels.

You collected 138 gold pieces.

Inventory:

Hand Weapons
 u - the +11 war axe of Ascent {heavy, Fly rF++ Str-3 Stlth+}
   (You took it off a kobold on level 4 of the Dungeon)

   Str-3:     It affects your strength (-3).
   rF++:      It greatly protects you from fire.
   Fly:       It grants you flight.
   Stlth+:    It makes you more stealthy.
Armour
 a - a +0 animal skin
 i - a +0 crystal plate armour
 l - a +0 pair of boots
 q - a +0 ring mail (worn)
Jewellery
 s - a ring of willpower (left hand)
 v - a ring of protection from fire (right hand)
Talismans
 c - a beast talisman (active)
 d - a flux talisman
Scrolls
 g - 2 scrolls of teleportation {unknown}
 j - 2 scrolls of amnesia {unknown}
 k - 3 scrolls of identify {unknown}
 m - a scroll of blinking {unknown}
 n - a scroll of noise {unknown}
 o - a scroll of immolation {unknown}
 r - a scroll of enchant armour {unknown}
Potions
 b - a potion of lignification
 e - 4 potions of heal wounds {unknown}
 f - 3 potions of curing {unknown}
 h - a potion of mutation {unknown}
 p - a potion of attraction {unknown}
 t - a potion of might {unknown}
 w - a potion of invisibility {unknown}


   Skills:
 - Level 1.1 Fighting
 - Level 2.1 Dodging
 * Level 8.7 Unarmed Combat
 + Level 5.9 Shapeshifting


You had 7 spell levels left.
You didn't know any spells.
Your spell library contained the following spells:

 Spells                   Type           Power      Damage    Failure   Level
 Magic Dart               Conj           0%         1d3       58%         1
 Necrotise                Necr           0%         1d4       58%         1
 Sting                    Tmut/Pois      0%         1d3       58%         1
 Cigotuvi's Dreadful Rot  Necr/Pois/Air  0%         N/A       73%         2
 Poisonous Vapours        Pois/Air       0%         N/A       73%         2
 Searing Ray              Conj           0%         2d4       73%         2
 Ozocubu's Armour         Ice            0%         N/A       91%         3
 Vampiric Draining        Necr           0%         2d6       91%         3
 Dispel Undead            Necr           0%         3d6       100%        4
 Fulminant Prism          Conj/Hex       0%         3d5       100%        4
 Olgreb's Toxic Radiance  Pois           0%         N/A       100%        4
 Agony                    Necr           0%         N/A       100%        5
 Metabolic Englaciation   Hex/Ice        0%         N/A       100%        5
 Death Channel            Necr           0%         N/A       100%        6
 Simulacrum               Ice/Necr       0%         N/A       100%        6


Dungeon Overview and Level Annotations

Branches:
Dungeon (5/15) Zot: 1457
 Temple: D:4-7

Altars:
Ashenzari
Fedhas
Kikubaaqudgha


Innate Abilities, Weirdness & Mutations

You are a hulking beast.
Your limbs bulge with bestial killing power. (Slay +3)
You passively map a small area around you.
You are easily found by Zot.
You glow in the dark.
You regain HP and MP as you explore.


Message History

You have reached level 8!
You start resting.
You feel very sick. x2
You feel sick. x9
You are no longer poisoned.
You cannot move.
You start resting.
Your transformation is almost over.
You feel less wooden.
Your +0 ring mail unmelds from your body.
You turn into a hulking beast.
Items here: ) [ ††.
Okay, then.
An ice beast comes into view.
You punch the ice beast!
The ice beast is moderately wounded.
The ice beast hits you but does no damage.
You hit the ice beast but do no damage.
The ice beast is moderately wounded.
The ice beast closely misses you.
You hit the ice beast.
The ice beast is heavily wounded.
The ice beast hits you.
* * * LOW HITPOINT WARNING * * *
The ice beast freezes you.
* * * LOW HITPOINT WARNING * * *
You hit the ice beast.
The ice beast is severely wounded.
The ice beast hits you.
* * * LOW HITPOINT WARNING * * *
The ice beast freezes you!
* * * LOW HITPOINT WARNING * * *
You punch the ice beast!
The ice beast is almost dead.
You barely miss the ice beast.
The ice beast is almost dead.
The ice beast hits you.
* * * LOW HITPOINT WARNING * * *
The ice beast freezes you!
You die...

#..## , , * #..#. ,
, ,* ..#.* * ,, ,,
... ,, , , , ..** *
, *#. * , *
#Y####### ,
#.h.....# ,,
#.#####.# ,
...#############.##
..........>..)....#
*#..####.##..####.##
.......<..........#
......#.##.#####.##
#..##.#.##.# #.# * ,
#., # #.##.# #.#


You could see an ice beast.

Vanquished Creatures
  Edmund (D:5)
  A water moccasin (D:4)
  A phantom (D:4)
  Blork the orc (D:4)
  A scorpion (D:4)
  A howler monkey (D:4)
  A hound (D:4)
  A jelly (D:3)
  An iguana (D:4)
  Robin (D:3)
  7 adders
  3 dart slugs
  2 orcs
  4 bats
  3 endoplasms
  A giant cockroach (D:1)
  8 goblins
  7 hobgoblins
  3 jackals (D:2)
  2 kobolds
  2 quokkas
  5 ball pythons
  A frilled lizard (D:2)
  A rat (D:1)
59 creatures vanquished.

Notes
Turn   | Place    | Note
-------+----------+-------------------------------------------
     0 | D:1      | lunkers the Meteoran Shapeshifter began the quest for the
                  | Orb.
     0 | D:1      | Reached XP level 1. HP: 16/16 MP: 2/2
     0 | D:1      | Upgraded the game from 0.31-a0-544-gceb718ecc6 to
                  | 0.31-a0-557-g6e16503903
   167 | D:1      | Reached skill level 4 in Unarmed Combat
   167 | D:1      | Reached XP level 2. HP: 21/23 MP: 3/3
   500 | D:1      | Glimpsed the power of Zot.
   549 | D:2      | Reached XP level 3. HP: 27/28 MP: 4/4
   620 | D:2      | Reached XP level 4. HP: 35/35 MP: 5/5
   639 | D:2      | Reached skill level 5 in Unarmed Combat
   901 | D:3      | Noticed Robin
   913 | D:3      | Killed Robin
   918 | D:3      | Reached XP level 5. HP: 40/40 MP: 6/6
   927 | D:3      | Found a blossoming altar of Fedhas.
  1028 | D:3      | Found a broken altar of Ashenzari.
  1047 | D:3      | Found an ancient bone altar of Kikubaaqudgha.
  1195 | D:4      | Noticed Blork the orc
  1205 | D:4      | Killed Blork the orc
  1206 | D:4      | Reached skill level 6 in Unarmed Combat
  1206 | D:4      | Reached XP level 6. HP: 27/47 MP: 7/7
  1209 | D:4      | Noticed a water moccasin
  1219 | D:4      | Killed a water moccasin
  1220 | D:4      | Reached skill level 7 in Unarmed Combat
  1220 | D:4      | Reached skill level 5 in Shapeshifting
  1261 | D:4      | Reached XP level 7. HP: 52/52 MP: 8/8
  1266 | D:4      | Upgraded the game from 0.31-a0-557-g6e16503903 to
                  | 0.31-a0-564-g3b7de120b3
  1324 | D:4      | Reached skill level 8 in Unarmed Combat
  1351 | D:4      | Identified the +11 war axe of Ascent {heavy, Fly rF++ Str-3
                  | Stlth+}
  1496 | D:5      | Entered Level 5 of the Dungeon
  1504 | D:5      | Noticed Edmund
  1516 | D:5      | Killed Edmund
  1517 | D:5      | Reached XP level 8. HP: 48/59 MP: 9/9
  1561 | D:5      | Slain by an ice beast

Illustrated notes

Levels and vault maps discovered:
D:1:      evilmike_arrival_grusome_pit, layout_basic,
          shapermc_ecumenical_altar_petra, hangedman_decor_opposing
D:2:      layout_loops_ring
D:3:      layout_loops_ring, cheibrodos_ashenzari_chains,
          fedhas_altar_fruit_tree, mainiacjoe_overflow_catwalk,
          mainiacjoe_overflow_boulevard, uniq_robin
D:4:      layout_loops_cross, roderic_nine_men_s_morris, minmay_cut_off,
          uniq_pikel, uniq_blork_the_orc
D:5:      layout_basic, yredelemnul_altar_generic, uniq_edmund

Skill      XL: |  1  2  3  4  5  6  7 |
---------------+----------------------+-----
Unarmed Combat | 4 5 6 7 8 |  8.7
Shapeshifting  | 4 5 |  5.9
Fighting       | |  1.1
Dodging        | |  2.1

Action                     |  1- 3 |  4- 6 |  7- 9 || total
---------------------------+-------+-------+-------++-------
  Melee: Unarmed           |    30 |    77 |    48 ||   155
         Punch             |       |     2 |     3 ||     5
    Use: Potion            |       |       |     1 ||     1
 Armour: Animal skin       |     4 |     2 |       ||     6
         Ring mail         |       |    18 |     3 ||    21
         Skin              |       |       |     3 ||     3
  Dodge: Dodged            |    19 |    42 |    16 ||    77

Table legend: (Time is in decaauts)
 A = Elapsed time spent in this place.
 B = Non-inter-level travel time spent in this place.
 C = Inter-level travel time spent in this place.
 D = Time resting spent in this place.
 E = Time spent auto-exploring this place.
 F = Levels seen in this place.
 G = Mean time per level.
                   A        B        C        D        E       F      G
               +--------+--------+--------+--------+--------+-----+--------+
         Total |   1541 |   1495 |     46 |     26 |   1024 |   5 |  308.2 |
       Dungeon |   1541 |   1495 |     46 |     26 |   1024 |   5 |  308.2 |
               +--------+--------+--------+--------+--------+-----+--------+

Top non-repeatable levels by time:
     D:1: 540 daAuts
     D:4: 351 daAuts
     D:3: 311 daAuts
     D:2: 276 daAuts
     D:5: 62 daAuts
